 Dungeon Crawl Stone Soup version 0.25-a0-339-gb37b713d4c (webtiles) character file.

Game seed: 15281826376187521087, levelgen mode: deterministic

11 Iscandelvey the Vexing (level 2, 0/21 HPs)
             Began as a Demonspawn Arcane Marksman on Dec 28, 2019.
             Slain by a jackal (2 damage)
             ... on level 1 of the Dungeon.
             The game lasted 00:00:16 (253 turns).

Iscandelvey the Vexing (Demonspawn Arcane Marksman)  Turns: 253, Time: 00:00:16

Health: 0/21       AC:  2    Str: 10    XL:     2   Next: 17%
Magic:  3/3        EV: 12    Int: 14    God:
Gold:   7          SH:  0    Dex: 13    Spells: 2/3 levels left

rFire    . . .     SeeInvis .   a - +0 hunting sling
rCold    . . .     Gourm    .   (no shield)
rNeg     . . .     Faith    .   e - +0 robe
rPois    .         Spirit   .   (no helmet)
rElec    .         Reflect  .   (no cloak)
rCorr    .         Harm     .   (no gloves)
MR       .....                  (no boots)
Stlth    ++........             (no amulet)
HPRegen  0.07/turn              (no ring)
MPRegen  0.08/turn              (no ring)

@: no status effects
A: nightstalker 1
a: no special abilities


You were on level 1 of the Dungeon.
You were not hungry.

You visited 1 branch of the dungeon, and saw 1 of its levels.

You collected 7 gold pieces.

Inventory:

Hand Weapons
 a - a +0 hunting sling (weapon)
Armour
 e - a +0 robe (worn)
Jewellery
 b - a cursed amulet of inaccuracy {unknown}
Potions
 c - a potion of heal wounds {unknown}
Comestibles
 f - a ration


   Skills:
 + Level 1.0 Fighting
 + Level 2.0 Slings
 + Level 2.1 Dodging
 + Level 1.0 Spellcasting
 + Level 3.2 Hexes


You had 2 spell levels left.
You knew the following spells:

 Your Spells              Type           Power        Failure   Level  Hunger
a - Corona                Hex            #......      7%          1    ##.....

Your spell library contained the following spells:

 Spells                   Type           Power        Failure   Level  Hunger
 Slow                     Hex            #.......     11%         2    ###....
 Inner Flame              Hex/Fire       #.......     38%         3    ####...
 Portal Projectile        Hex/Tloc       #.....       38%         3    ####...
 Cause Fear               Hex            #.........   56%         4    #####..
 Leda's Liquefaction      Hex/Erth       #.........   80%         4    #####..


Dungeon Overview and Level Annotations

Branches:
Dungeon (1/15)

Altars:


Innate Abilities, Weirdness & Mutations

You are slightly more attuned to the shadows.


Message History

Aim: a jackal (moderately wounded)
You shoot a sling bullet.
The sling bullet barely misses the jackal.
The jackal barely misses you. The jackal bites you.
* * * LOW HITPOINT WARNING * * *
Firing (i - inventory)
d - 2 sling bullets (quivered)
Press: ? - help, Shift-Dir - straight line, f/p - jackal
Aim: a jackal (moderately wounded)
You shoot a sling bullet.
The sling bullet closely misses the jackal.
The jackal barely misses you.
Firing (i - inventory)
d - a sling bullet (quivered)
Press: ? - help, Shift-Dir - straight line, f/p - jackal
Aim: a jackal (moderately wounded)
You shoot a sling bullet. The sling bullet hits the jackal.
The jackal is severely wounded.
The jackal bites you.
* * * LOW HITPOINT WARNING * * *
The jackal bites you.
You die...

#.# #.# #(. #.# #.. #.# ##
#.. #.# ... #.##.# #.#
.... #.##.# #.#
.....#h##.# ###.#
(....)@##.# #.#.#
.....##.#.###### #.#.#
..(. #.#....... #.#.# (..
#....########.#.#
........##.#......#.#.#
.############.#.#......#.#
..............#.#.##.###.#
#.........#.#......#
#.........#.#..#####


You could see a jackal.

Vanquished Creatures
  A dart slug (D:1)
  2 goblins (D:1)
  2 jackals (D:1)
  A bat (D:1)
  2 frilled lizards (D:1)
  A kobold (D:1)
  A rat (D:1)
10 creatures vanquished.

Notes
Turn   | Place    | Note
-------+----------+-------------------------------------------
     0 | D:1      | Iscandelvey the Demonspawn Arcane Marksman began the quest
                  | for the Orb.
     0 | D:1      | Reached XP level 1. HP: 15/15 MP: 2/2
   170 | D:1      | Gained mutation: You are slightly more attuned to the
                  | shadows. [demonic ancestry]
   170 | D:1      | Reached XP level 2. HP: 21/21 MP: 3/3
   253 | D:1      | Slain by a jackal

Levels and vault maps discovered:
D:1:      erik_arrival_blinker_ship, layout_basic

Skill      XL: |  1  2 |
---------------+-------+-----
Dodging        | 2 |  2.1
Slings         | 2 |  2.0
Fighting       | |  1.0
Spellcasting   | |  1.0
Hexes          | |  3.2

Action                   || total
-------------------------++-------
 Fire: Hunting sling     ||    36
Armor: Robe              ||     3
Dodge: Dodged            ||    22

Table legend:
 A = Non-vault XP
 B = Vault XP
 C = Vault XP percentage of total XP
 D = Non-vault monster count
 E = Vault monster count
 F = Vault count percentage of total count
                 A         B        C        D         E       F
            +---------+---------+-------+---------+---------+-------
      Total |      17 |       0 |   0.0 |      10 |       0 |   0.0
            +---------+---------+-------+---------+---------+-------
        D:1 |      17 |       0 |   0.0 |      10 |       0 |   0.0
            +---------+---------+-------+---------+---------+-------
